 Dungeon Crawl Stone Soup version 0.28-a0-1638-g9123634e07 (webtiles) character file.

Game seed: 7163340875426782959

254 HallandMoats the Skirmisher (level 6, 0/53 HPs)
             Began as a Ghoul Fighter on Jan 25, 2022.
             Was a Believer of Wu Jian.
             Slain by a gnoll (5 damage)
             ... on level 4 of the Dungeon.
             The game lasted 00:03:33 (3822 turns).

HallandMoats the Skirmisher (Ghoul Fighter)         Turns: 3822, Time: 00:03:34

Health: 0/53       AC: 10    Str: 20    XL:     6   Next: 14%
Magic:  6/6        EV:  5    Int: 11    God:    Wu Jian [**....]
Gold:   122        SH:  0    Dex:  8    Spells: 5/5 levels left

rFire   + . .      SeeInvis +   l - +4 quarterstaff (chaos)
rCold   + . .      Faith    .   (shield currently unavailable)
rNeg    + + +      Spirit   .   p - +0 scale mail of Diemn {rN+ Int+6 SInv}
rPois   ∞          Reflect  .   (no helmet)
rElec   .          Harm     .   k - +2 cloak
rCorr   .          Rampage  .   (no gloves)
Will    .....                   (no boots)
Stlth   ..........              (no amulet)
HPRegen 0.00/turn               d - ring of protection from fire
MPRegen 0.10/turn               n - ring of flight

@: flying, held, inhibited regen
A: claws 1, cold resistance 1, negative energy resistance 3, inhibited
regeneration, torment resistance 2
a: Renounce Religion, Wall Jump


You were on level 4 of the Dungeon.
You worshipped Wu Jian.
Wu Jian was pleased with you.
You visited 1 branch of the dungeon, and saw 4 of its levels.

You collected 122 gold pieces.

Inventory:

Hand Weapons
 l - a +4 quarterstaff of chaos (weapon)
Armour
 b - a +0 buckler
 k - a +2 cloak (worn)
 p - the +0 scale mail of Diemn (worn) {rN+ Int+6 SInv}
   (You found it on level 4 of the Dungeon)

   Int:       It affects your intelligence (+6).
   rN:        It protects you from negative energy.
   SInv:      It lets you see invisible.
Jewellery
 d - a ring of protection from fire (left claw)
 n - a ring of flight (right claw)
Scrolls
 e - a scroll of summoning {unknown}
 g - a scroll of amnesia {unknown}
 h - a scroll of blinking {unknown}
 i - a scroll of magic mapping {unknown}
 o - a scroll of enchant weapon {unknown}
 q - a scroll of identify {unknown}
Potions
 c - a potion of might
 f - a potion of attraction {unknown}
 j - 2 potions of heal wounds {unknown}
 m - a potion of cancellation {unknown}


   Skills:
 * Level 4.7 Fighting
 + Level 3.2 Armour
 + Level 1.5 Dodging
 + Level 3.3 Shields
 - Level 3.5 Unarmed Combat
 + Level 1.9 Invocations


You had 5 spell levels left.
You didn't know any spells.
Your spell library contained the following spells:

 Spells                   Type           Power      Damage    Failure   Level
 Call Canine Familiar     Summ           0%         N/A       96%         3
 Portal Projectile        Hex/Tloc       0%         N/A       96%         3
 Leda's Liquefaction      Hex/Erth       0%         N/A       100%        4


Dungeon Overview and Level Annotations

Branches:
Dungeon (4/15)
 Temple: D:4-7

Altars:
Wu Jian


Innate Abilities, Weirdness & Mutations

You thrive by killing the living.
You are immune to poison.
You have sharp fingernails.
Your flesh is cold resistant. (rC+)
You are immune to negative energy. (rN+++)
You do not regenerate when monsters are visible.
You are immune to unholy pain and torment.


Message History

The gnoll shouts!
You hear a shout!
The gnoll completely misses you.
The gnoll throws a throwing net.
The throwing net hits you.
You become entangled in the net!
You see here a throwing net.
You struggle against the net.
The gnoll hits you but does no damage. The gnoll completely misses you.
You struggle against the net.
The gnoll hits you from afar with a +0 spear.
The gnoll hits you but does no damage.
The gnoll hits you from afar with a +0 halberd.
You tear a large gash into the net.
The gnoll hits you but does no damage. The gnoll closely misses you.
The gnoll hits you but does no damage.
You rip the net and break free!
The gnoll hits you from afar with a +0 spear.
The gnoll hits you but does no damage. The gnoll barely misses you.
The gnoll throws a throwing net.
The throwing net hits you.
You become entangled in the net!
You see here a throwing net.
You struggle against the net.
The gnoll hits you from afar with a +0 spear. x2
You struggle against the net.
The gnoll hits you from afar with a +0 halberd.
The gnoll hits you from afar with a +0 spear.
The gnoll barely misses you. The adder bites you but does no damage.
You struggle against the net.
The gnoll hits you but does no damage. The adder bites you but does no damage.
The gnoll hits you but does no damage. The gnoll barely misses you.
You struggle against the net.
The adder bites you but does no damage.
The gnoll hits you from afar with a +0 halberd.
The gnoll hits you from afar with a +0 spear.
The gnoll hits you but does no damage. The gnoll hits you with a +0 flail!
* * * LOW HITPOINT WARNING * * *
You struggle against the net.
The adder bites you.
* * * LOW HITPOINT WARNING * * *
The gnoll hits you from afar with a +0 halberd.
* * * LOW HITPOINT WARNING * * *
The gnoll barely misses you. The gnoll hits you but does no damage.
The gnoll hits you with a +0 flail.
You die...

#......#.. ##........#
........# .......#
###......# ##
##.......#### #.#
#...........####..#
###..<......# #[.#.##
#......@g..## ##.#..# .
#........S..# #....##.#
#......ggg..## #......#
##...........# #).....#
#.$.........####...###..
#............##..### #
#.................#
#..#.........)##..#
..#####......####.(#


You could see 4 gnolls and an adder.

Vanquished Creatures
  A gnoll shaman (D:4)
  Crazy Yiuf (D:2)
  An iguana (D:2)
  4 adders
  6 gnolls
  An ufetubus (D:4)
  A worm (D:2)
  A dart slug (D:1)
  An orc (D:3)
  7 ball pythons
  9 bats
  6 endoplasms
  A giant cockroach (D:3)
  A goblin (D:2)
  8 hobgoblins
  4 jackals (D:2)
  2 quokkas
  4 frilled lizards
  8 kobolds
  5 rats
72 creatures vanquished.

Notes
Turn   | Place    | Note
-------+----------+-------------------------------------------
     0 | D:1      | HallandMoats the Ghoul Fighter began the quest for the Orb.
     0 | D:1      | Reached XP level 1. HP: 19/19 MP: 0/0
    99 | D:1      | Reached XP level 2. HP: 26/26 MP: 1/1
   410 | D:1      | Reached XP level 3. HP: 28/31 MP: 2/2
   678 | D:2      | Found a faded altar of an unknown god.
   691 | D:2      | Prayed at the altar of an unknown god.
   691 | D:2      | Became a worshipper of the Wu Jian Council
   691 | D:2      | Reached * piety under Wu Jian
  1066 | D:1      | Reached skill level 1 in Invocations
  1066 | D:1      | Reached XP level 4. HP: 5/40 MP: 3/3
  1537 | D:2      | Reached skill level 4 in Fighting
  1537 | D:2      | Reached skill level 1 in Dodging
  1770 | D:2      | Found a runed translucent door.
  1771 | D:2      | Noticed Crazy Yiuf
  1883 | D:2      | Reached XP level 5. HP: 22/46 MP: 4/4
  2589 | D:2      | Killed Crazy Yiuf
  3129 | D:3      | Reached ** piety under Wu Jian
  3763 | D:4      | Identified the +0 scale mail of Diemn {rN+ Int+6 SInv}
  3779 | D:4      | Reached XP level 6. HP: 52/53 MP: 6/6
  3822 | D:4      | Slain by a gnoll

Illustrated notes

Levels and vault maps discovered:
D:1:      dpeg_arrival_tiny_k, layout_rooms, minmay_tree_intersection,
          serial_bayou_crossing
D:2:      layout_loops_cross, basic_ecumenical_altar, uniq_crazy_yiuf_cottage
D:3:      minmay_recursive_quarters, layout_loops_cross, roderic_lattice_a
D:4:      layout_layer_cave, gammafunk_temple_overflow_statue,
          minmay_temple_entry_junction, goddamned_bats, uniq_robin

Skill      XL: |  1  2  3  4 |
---------------+-------------+-----
Unarmed Combat | 3 |  3.5
Shields        | 3 |  3.3
Invocations    | 1 |  1.9
Fighting       | 4 |  4.7
Dodging        | 1 |  1.5
Armour         | 3 |  3.2

Action                   |  1- 3 |  4- 6 || total
-------------------------+-------+-------++-------
Melee: Unarmed           |   121 |    70 ||   191
       Quarterstaff      |       |    49 ||    49
Invok: Whirlwind         |     7 |       ||     7
       Lunge             |       |    10 ||    10
  Use: Potion            |       |     1 ||     1
Armor: Scale mail        |    73 |    65 ||   138
Dodge: Dodged            |    61 |    74 ||   135
Block: Buckler           |    30 |    12 ||    42

Table legend: (Time is in decaauts)
 A = Elapsed time spent in this place.
 B = Non-inter-level travel time spent in this place.
 C = Inter-level travel time spent in this place.
 D = Time resting spent in this place.
 E = Time spent auto-exploring this place.
 F = Levels seen in this place.
 G = Mean time per level.
                   A        B        C        D        E       F      G
               +--------+--------+--------+--------+--------+-----+--------+
         Total |   3842 |   3759 |     83 |    691 |   2459 |   4 |  960.5 |
       Dungeon |   3842 |   3759 |     83 |    691 |   2459 |   4 |  960.5 |
               +--------+--------+--------+--------+--------+-----+--------+

Top non-repeatable levels by time:
     D:2: 1509 daAuts
     D:1: 1367 daAuts
     D:3: 894 daAuts
     D:4: 71 daAuts
